AoeStats
← pelder787

Arabia

506535129Analyzed
1v1 RM · 18d ago on Sep 13, 2026· 38m 22s· 2 players
Game mode
Random Map
Map size
Tiny (2 player)
Population
200
Speed
Normal
Resources
Standard
Victory
Conquest
Starting age
Dark Age
Ending age
Imperial Age
RankedLock teamsTeams togetherTeam positionsShared explorationLock speedFull tech treeHidden civsTurbo modeCheats
Victory
Defeat
🇺🇸 Franks · United States
855
+16
🇺🇸 Japanese · United States
858
-16
pelder787
9:34 Loom
11:40 Feudal Age
12:30 Double-Bit Axe
19:25 Scale Barding Armor
22:39 Castle Age
25:05 Husbandry
26:16 Pikeman
28:30 Forging
30:45 Iron Casting
38:14 Imperial Age
Jmoney14
3:29 Loom
12:42 Feudal Age
13:36 Horse Collar
13:44 Double-Bit Axe
15:38 Bloodlines
16:23 Forging
17:49 Wheelbarrow
24:04 Castle Age
25:39 Hand Cart
26:29 Scale Mail Armor
28:11 Squires
28:59 Bow Saw
28:53 Heavy Plow
29:12 Pikeman
35:55 Stone Mining
36:49 Ballistics
36:24 Fletching
37:10 Iron Casting
36:51 Chain Mail Armor
38:27 Bodkin Arrow
Connection lost

Rejoining the realm…

Still unreachable

The connection could not be restored.

Session expired

The server has moved on; the page needs a fresh start.